 Dungeon Crawl Stone Soup version 0.29-a0-330-g52719c12eb (webtiles) character file.

Game seed: 13907536033209138947

18274 siradein the Fighter (level 12, -7/188 HPs)
             Began as a Palentonga Fighter on Apr 13, 2022.
             Was a Priest of Hepliaklqana.
             Killed from afar by an electric eel (13 damage)
             ... with a bolt of electricity
             ... on level 5 of the Dungeon.
             The game lasted 00:52:34 (16811 turns).

siradein the Fighter (Palentonga Fighter)          Turns: 16811, Time: 00:52:35

Health: -7/188     AC: 26    Str: 20    XL:     12   Next: 26%
Magic:  0/15       EV: 26    Int:  8    God:    Hepliaklqana [***...]
Gold:   430        SH:  6    Dex: 15    Spells: 11/11 levels left

rFire   x . .      SeeInvis +   P - +0 morningstar
rCold   . . .      Faith    .   c - +0 buckler
rNeg    . . .      Spirit   +   i - +1 chain mail of the Stag {rF- Regen+ Slay+5}
rPois   .          Reflect  .   U - +2 hat of the Bear Spirit {Spirit, *Rage Will++}
rElec   .          Harm     .   q - +0 cloak
rCorr   .          Rampage  .   r - +0 pair of gloves
Will    ++...      Rage     20% (no barding)
Stlth   ..........              g - amulet of the acrobat
HPRegen 1.21/turn               t - +4 ring of evasion
MPRegen 0.14/turn               M - +4 ring of protection

@: berserking (expiring), acrobatic, curled up, very quick
A: reduced essence, large, rugged brown scales 3, see invisible, deformed body,
roll 1, armoured tail, reflexive curl
a: Rolling Charge, Renounce Religion, Recall Ancestor, Ancestor Identity,
Transference


You were on level 5 of the Dungeon.
You worshipped Hepliaklqana.
Hepliaklqana was most pleased with you.
You visited 3 branches of the dungeon, and saw 13 of its levels.
You also visited: Ossuary and Bailey.

You collected 723 gold pieces.
You spent 293 gold pieces at shops.

Inventory:

Hand Weapons
 A - a +0 mace of protection
 O - a +5 hand crossbow of flaming
 P - a +0 morningstar (weapon)
Armour
 c - a +0 buckler (worn)
 i - the +1 chain mail of the Stag (worn) {rF- Regen+ Slay+5}
   (You found it in a bailey)

   Slay:      It affects your accuracy & damage with ranged weapons and melee
   (+5).
   rF:        It makes you vulnerable to fire.
   Regen:     It increases your rate of health regeneration.
 q - a +0 cloak (worn)
 r - a +0 pair of gloves (worn)
 U - the +2 hat of the Bear Spirit (worn) {Spirit, *Rage Will++}
   (You bought it in a shop on level 1 of the Dungeon)

   Going berserk makes the wearer tougher, and they're slowed less afterward.
   *Rage:     It berserks you when you make melee attacks (+20% chance).
   Will:      It greatly increases your willpower.
Jewellery
 e - a +6 ring of strength
 g - an amulet of the acrobat (around neck)
 h - a ring of magical power
 t - a +4 ring of evasion (left hand)
 x - a ring of ice
 y - a ring of resist corrosion
 M - a +4 ring of protection (right hand)
 N - a ring of positive energy
 Q - a ring of ice
 T - a ring of poison resistance
Wands
 a - a wand of acid (6)
 b - a wand of paralysis (21)
 f - a wand of flame (11)
 B - a wand of mindburst (13)
 R - a wand of iceblast (5)
Scrolls
 j - 3 scrolls of magic mapping
 l - 10 scrolls of teleportation
 n - a scroll of acquirement
 p - a scroll of summoning {unknown}
 u - a scroll of immolation
 D - a scroll of amnesia {unknown}
 E - 4 scrolls of brand weapon {unknown}
 F - 4 scrolls of vulnerability {unknown}
 G - 3 scrolls of blinking {unknown}
 I - 3 scrolls of noise {unknown}
 L - 3 scrolls of enchant armour {unknown}
 S - 3 scrolls of fear
 V - a scroll of enchant weapon {unknown}
 X - a scroll of fog {unknown}
Potions
 d - 4 potions of might
 k - 3 potions of brilliance
 m - 6 potions of curing
 o - 4 potions of lignification
 s - a potion of invisibility {unknown}
 v - 3 potions of heal wounds {unknown}
 w - 2 potions of ambrosia {unknown}
 z - 5 potions of flight
 C - 2 potions of haste
 H - 2 potions of mutation
 J - a potion of berserk rage {unknown}
 K - a potion of resistance {unknown}
 W - a potion of magic {unknown}


   Skills:
 + Level 9.8 Fighting
 + Level 9.5 Maces & Flails
 + Level 8.2 Armour
 + Level 4.4 Dodging
 + Level 8.2 Shields
 + Level 5.2 Invocations
 + Level 4.3 Evocations


You had 11 spell levels left.
You didn't know any spells.
Your spell library contained the following spells:

 Spells                   Type           Power      Damage    Failure   Level
 Pain                     Necr           0%         1d4       99%         1
 Blink                    Tloc           0%         N/A       99%         2
 Ensorcelled Hibernation  Hex/Ice        0%         N/A       99%         2
 Conjure Flame            Conj/Fire      0%         6-21      100%        3
 Gell's Gravitas          Tloc           0%         N/A       100%        3
 Ignite Poison            Fire/Tmut/Pois 0%         N/A       100%        3
 Lesser Beckoning         Tloc           0%         N/A       100%        3
 Ozocubu's Armour         Ice            0%         N/A       100%        3
 Spider Form              Tmut/Pois      0%         N/A       100%        3
 Teleport Other           Tloc           0%         N/A       100%        3
 Anguish                  Hex/Necr       0%         N/A       100%        4
 Sticky Flame             Conj/Fire      0%         2d3       100%        4
 Agony                    Necr           0%         N/A       100%        5
 Excruciating Wounds      Necr           0%         N/A       100%        5
 Manifold Assault         Tloc           0%         N/A       100%        5
 Metabolic Englaciation   Hex/Ice        0%         N/A       100%        5
 Simulacrum               Ice/Necr       0%         N/A       100%        6
 Storm Form               Tmut/Air       0%         N/A       100%        7


Dungeon Overview and Level Annotations

Branches:
Dungeon (11/15)            Temple (1/1) D:7            Lair (1/6) D:10
Ossuary (visited)          Bailey (visited)
    Orc: D:9-12

Altars:
Ashenzari
Cheibriados
Dithmenos
Elyvilon
Fedhas
Hepliaklqana
Kikubaaqudgha
Makhleb
Nemelex Xobeh
Okawaru
Qazlal
Ru
Sif Muna
Trog
Uskayaw
Vehumet
Wu Jian
Xom
Yredelemnul
Zin
The Shining One

Shops:
D:1 [   D:4 *   D:6 ?:=*:

Annotations:
D:5 1 runed translucent door, Crazy Yiuf


Innate Abilities, Weirdness & Mutations

Your life essence is reduced to manifest your ancestor. (-10% HP)
You are completely covered in rugged brown scales. (AC +3, +7% HP)
You have supernaturally acute eyesight. (SInv)
Armour fits poorly on your strangely shaped body.
You can roll at nearby foes to attack.
You have a long armoured tail.
You curl defensively after being hit. (AC +7*)


Message History

Unknown command.
A red film seems to cover your vision as you go berserk!
You feel yourself moving faster!
You feel mighty!
You sock the electric eel!
You kill the electric eel!
The electric eel shoots out a bolt of lightning at you!
The bolt of electricity hits you!
* * * LOW HITPOINT WARNING * * *
The bolt of electricity hits you!
* * * LOW HITPOINT WARNING * * *
You completely miss the electric eel. You barely miss the electric eel.
The electric eel shoots out a bolt of lightning at you!
The bolt of electricity hits you!
* * * LOW HITPOINT WARNING * * *
The bolt of electricity hits you!
* * * LOW HITPOINT WARNING * * *
The electric eel shoots out a bolt of lightning at you!
The bolt of electricity hits you.
* * * LOW HITPOINT WARNING * * *
The bolt of electricity hits you.
* * * LOW HITPOINT WARNING * * *
You barely miss the electric eel.
The electric eel shoots out a bolt of lightning at you!
The bolt of electricity misses you. x2
The electric eel shoots out a bolt of lightning at you!
The bolt of electricity hits you!
* * * LOW HITPOINT WARNING * * *
The bolt of electricity misses you.
You miss the electric eel.
The electric eel shoots out a bolt of lightning at you!
The bolt of electricity hits you!
* * * LOW HITPOINT WARNING * * *
The bolt of electricity hits you but does no damage.
Unknown command.
You are too berserk!
You are too berserk!
You feel a strong urge to attack something.
The electric eel shoots out a bolt of lightning at you!
The bolt of electricity hits you!
You die...

#.#≈≈.≈≈######≈## #....#.#
#.#.≈≈..##≈≈≈##≈# ###..#..
#.#(≈†..#≈≈/≈≈#≈# #..###
#.#≈≈.P.#.≈..≈#≈# ##....
##.#.....#$≈≈P)#≈# ##..#
#..#.....#SS...#≈########..#
####.###R..##.....#.##........#
#....#..#####.....#.#...<.##..#
#(#####...≈≈##@..##.##.##......
###)##..#####≈..####.###.#####...
.......# ###.[≈≈≈##.#.......##
###.#### #.########.#####.....
#... #..#..#.##.# #.....# #.....
#..#<.#.##.# #.....#
###########..........# #...###
#.......##.##.#.#### #...+..
#.......##[##.#.#######...###


You could see 2 electric eels.

Vanquished Creatures
  A boulder beetle (D:11)
  A hydra (Lair:1)
  3 two-headed ogres
  A deep elf pyromancer (Bailey)
  A manticore (D:11)
  A black mamba (Lair:1)
  Maggie (D:7)
  A gargoyle (D:10)
  A komodo dragon (D:10)
  4 cane toads (Lair:1)
  A troll (D:10)
  Grinder (D:5)
  A polar bear (Lair:1)
  A hornet (D:7)
  A shadow (D:11)
  A wraith (Ossuary)
  20 yaks
  A basilisk (Lair:1)
  9 vampire mosquitoes
  A steam dragon (D:10)
  Menkaure (D:7)
  Edmund (D:5)
  A warg (D:10)
  An acid dragon (D:11)
  3 water moccasins
  6 orc warriors
  A sky beast (D:5)
  3 ice beasts
  2 black bears (D:5)
  2 ogres
  A wolf (Lair:1)
  2 centaurs
  A phantom (D:6)
  A kobold brigand (D:8)
  3 bullfrogs
  2 scorpions
  14 wights
  8 killer bees
  6 electric eels
  3 howler monkeys
  6 orc priests
  3 jellies
  A gnoll shaman (D:5)
  4 hounds
  Ijyb (D:3)
  An iguana (D:6)
  11 orc wizards
  3 mummies (Ossuary)
  Robin (D:3)
  8 adders
  A gnoll (D:5)
  A white imp (D:6)
  3 dart slugs (D:1)
  A worm (D:2)
  42 orcs
  A bat (D:1)
  5 endoplasms
  11 giant cockroaches (D:3)
  20 goblins
  8 hobgoblins
  6 jackals (D:1)
  14 kobolds
  3 quokkas
  8 ball pythons
  5 frilled lizards
  2 goblin zombies (Ossuary)
  A hobgoblin zombie (Ossuary)
  4 kobold zombies (Ossuary)
  6 rats
295 creatures vanquished.

Vanquished Creatures (collateral kills)
  An orc knight (Bailey)
  A troll (D:11)
  A yak (D:10)
  A vampire (D:10)
  A steam dragon (D:8)
  A vampire mosquito (D:11)
  An acid dragon (D:10)
  A warg (D:10)
  An orc warrior (Bailey)
  A bullfrog (D:9)
  A killer bee (D:9)
  An orc wizard (D:10)
  2 orcs
14 creatures vanquished.

Vanquished Creatures (others)
  4 hexers
  11 plants
15 creatures vanquished.

Grand Total: 324 creatures vanquished

Notes
Turn   | Place    | Note
-------+----------+-------------------------------------------
     0 | D:1      | siradein the Palentonga Fighter began the quest for the
                  | Orb.
     0 | D:1      | Reached XP level 1. HP: 19/19 MP: 1/1
   211 | D:1      | Reached XP level 2. HP: 25/25 MP: 2/2
   262 | D:1      | Found Qezeducw's Armour Emporium.
   689 | D:1      | Reached XP level 3. HP: 25/31 MP: 3/3
  1210 | D:1      | Found a faded altar of an unknown god.
  1634 | D:2      | Found a bloodstained altar of Trog.
  1750 | D:2      | Reached XP level 4. HP: 36/37 MP: 4/4
  2262 | D:3      | Reached XP level 5. HP: 35/44 MP: 5/5
  2882 | D:3      | Noticed Robin
  3067 | D:3      | Killed Robin
  3190 | D:3      | Noticed Ijyb
  3342 | D:3      | Killed Ijyb
  3486 | D:3      | Found a broken altar of Ashenzari.
  3915 | D:4      | Found a white marble altar of Elyvilon.
  4053 | D:4      | Reached XP level 6. HP: 47/51 MP: 6/6
  4167 | D:4      | Paralysed by an orc for 6 turns
  4249 | D:4      | Found a shimmering blue altar of Sif Muna.
  4300 | D:4      | Found Qogoafotri's Assorted Antiques.
  4682 | D:5      | Entered Level 5 of the Dungeon
  4739 | D:5      | Found a basalt altar of Yredelemnul.
  4882 | D:5      | Found a sand-covered staircase.
  4890 | Ossuary  | Entered an ossuary
  4890 | Ossuary  | Noticed a wraith
  4890 | Ossuary  | Noticed a wraith
  4890 | Ossuary  | Noticed a wraith
  5260 | Ossuary  | Noticed a wraith
  5278 | Ossuary  | Killed a wraith
  5279 | Ossuary  | Gained mutation: You curl defensively after being hit. (AC
                  | +7*) [Palentonga growth]
  5279 | Ossuary  | Reached XP level 7. HP: 42/58 MP: 7/7
  5484 | D:5      | Reached skill level 5 in Fighting
  5628 | D:5      | Noticed Grinder
  5644 | D:5      | Killed Grinder
  5645 | D:5      | Reached skill level 5 in Maces & Flails
  5645 | D:5      | Reached XP level 8. HP: 67/67 MP: 8/8
  5802 | D:5      | Noticed Edmund
  5813 | D:5      | Killed Edmund
  6064 | D:5      | Reached skill level 5 in Armour
  6181 | D:5      | Found a runed translucent door.
  6182 | D:5      | Noticed Crazy Yiuf
  6206 | D:5      | Found a sparkling altar of Nemelex Xobeh.
  6246 | D:5      | Found a glowing silver altar of Zin.
  6303 | D:5      | Reached skill level 5 in Shields
  6707 | D:6      | Found Dychawi's Jewellery Shoppe.
  6735 | D:6      | Found Bockon's Book Boutique.
  6791 | D:6      | Found Cabec's Assorted Antiques.
  6808 | D:6      | Reached XP level 9. HP: 52/75 MP: 9/9
  8038 | D:6      | Found Linoum's Magic Scroll Boutique.
  8040 | D:6      | Found Munteodgh's Book Emporium.
  8879 | D:7      | Noticed Menkaure
  8958 | D:7      | Killed Menkaure
  9106 | D:7      | Found a radiant altar of Vehumet.
  9119 | D:7      | Found a staircase to the Ecumenical Temple.
  9135 | Temple   | Entered the Ecumenical Temple
  9284 | Temple   | Became a worshipper of Hepliaklqana the Forgotten
  9872 | D:1      | Bought the +2 hat of the Bear Spirit {Spirit, *Rage Will++}
                  | for 293 gold pieces
  9872 | D:1      | Found the +2 hat of the Bear Spirit {Spirit, *Rage Will++}
 10244 | D:7      | Noticed Maggie
 10257 | D:7      | Killed Maggie
 10443 | D:7      | Found a burning altar of Makhleb.
 10798 | D:8      | Reached XP level 10. HP: 78/85 MP: 10/10
 11105 | D:8      | Reached * piety under Hepliaklqana
 11259 | D:8      | Reached skill level 1 in Dodging
 12680 | D:9      | Reached ** piety under Hepliaklqana
 12681 | D:9      | Remembered your ancestor Master Baiter as a hexer
 12801 | D:9      | Reached skill level 1 in Invocations
 12803 | D:9      | Reached skill level 1 in Evocations
 12822 | D:9      | Found a sacrificial altar of Ru.
 12835 | D:9      | Noticed a two-headed ogre
 12841 | D:9      | Killed a two-headed ogre
 13113 | D:10     | Entered Level 10 of the Dungeon
 13113 | D:10     | Noticed a two-headed ogre
 13118 | D:10     | Killed a two-headed ogre
 13170 | D:10     | Reached XP level 11. HP: 73/84 MP: 12/12
 13217 | D:10     | Found a flagged portal.
 13296 | Bailey   | Entered a bailey
 13568 | Bailey   | Found a large runed translucent door.
 13568 | Bailey   | Found a large runed translucent door.
 13569 | Bailey   | Noticed a deep elf pyromancer
 13578 | Bailey   | Noticed an orc knight
 13584 | Bailey   | Killed an orc knight
 13829 | Bailey   | Killed a deep elf pyromancer
 13859 | Bailey   | Identified the +1 chain mail of the Stag {rF- Regen+
                  | Slay+5}
 14022 | D:10     | Found a staircase to the Lair.
 14047 | D:10     | Identified the +1 chain mail of Surprise {rN+ Int+3}
 14336 | D:10     | Noticed a two-headed ogre
 14343 | D:10     | Killed a two-headed ogre
 14471 | D:10     | Found a hide-covered altar of Uskayaw.
 14471 | D:10     | Found a snail-covered altar of Cheibriados.
 14795 | D:11     | Noticed a boulder beetle
 14959 | D:11     | Reached *** piety under Hepliaklqana
 15024 | D:11     | Identified a scroll of acquirement
 15267 | D:11     | Killed a boulder beetle
 15742 | Lair:1   | Entered Level 1 of the Lair of Beasts
 15757 | Lair:1   | Reached XP level 12. HP: 93/93 MP: 15/15
 16449 | Lair:1   | Reached skill level 5 in Invocations
 16505 | Lair:1   | Noticed a six-headed hydra
 16529 | Lair:1   | Killed a six-headed hydra
 16809 | D:5      | HP: 4/188 [electric eel/bolt of electricity (7)]
 16811 | D:5      | Killed from afar by an electric eel

Illustrated notes

Levels and vault maps discovered:
D:1:      dpeg_arrival_round_b, layout_loops_ring,
          hellmonk_ecumenical_altar_inner_sanctum, serial_shops,
          nicolae_shop_hallway_plus, minmay_misc_feat_ornament,
          nicolae_figureground_pulse
D:2:      layout_loops_ring, basic_altar
D:3:      minmay_roachtagon, layout_rooms, lemuel_coloured_pillars_altar,
          grunt_decor_clamped, uniq_robin, uniq_ijyb
D:4:      layout_loops_corners, nicolae_elyvilon_peaceful_grove, led_sif_pool,
          serial_shops, nicolae_shop_waterfront
D:5:      cheibrodos_two_vegetables, layout_loops_cross,
          pdpol_temple_overflow_zin_treasury_gozag_greed, kennysheep_mini,
          kennysheep_little_box, nicolae_ossuary_entry_plus,
          kennysheep_opposing_triangles, uniq_crazy_yiuf_cottage, uniq_edmund,
          uniq_grinder
D:6:      layout_gridville, serial_shops, nicolae_shop_window_shopping,
          shop_fountains, nicolae_shop_hallway_stairs, shop, shop,
          kennysheep_cross_room
D:7:      layout_basic, lightli_temple_of_fire, mainiacjoe_overflow_brackets,
          minmay_temple_entry_waves, uniq_maggie, uniq_menkaure
D:8:      layout_layer_cave, kennysheep_nub, minmay_misc_feat_chi
D:9:      layout_roguey, nicolae_ru_sacrificial_ziggurat
D:10:     layout_loops_cross, amethyst_overflow_temple_binary,
          erik_lair_orcish_takeover, enter_bailey_3, grunt_ministairs_5
D:11:     layout_stronghold, hangedman_decor_points, lemuel_flamethrower_1
Temple:   cyrus_temple_forest
Lair:1:   cheibrodos_lair_river_kwai, layout_hall_layers, st_stairs_10,
          serial_bayou_shore_a, infiniplex_staircase_pool_2

Skill      XL: |  1  2  3  4  5  6  7  8  9 10 11 12 |
---------------+-------------------------------------+-----
Armour         | 3 4 5 6 7 8 |  8.2
Shields        | 3 4 5 6 7 8 |  8.2
Maces & Flails | 3 4 5 6 7 8 9 |  9.5
Fighting       | 4 5 6 7 8 9 |  9.8
Dodging        | 2 4 |  4.4
Invocations    | 2 4 5 |  5.2
Evocations     | 2 3 4 |  4.3

Action                   |  1- 3 |  4- 6 |  7- 9 | 10-12 || total
-------------------------+-------+-------+-------+-------++-------
Melee: Flail             |   113 |   239 |   262 |    45 ||   659
       Tailslap          |    10 |    32 |    39 |    71 ||   152
       Mace              |       |    11 |       |       ||    11
       Morningstar       |       |       |       |   362 ||   362
Invok: Ancestor Life: He |       |       |       |     1 ||     1
       Ancestor Identity |       |       |       |     1 ||     1
 Abil: Rolling Charge    |       |       |       |     2 ||     2
Evoke: Wand              |       |       |     2 |       ||     2
  Use: Scroll            |       |     1 |       |    13 ||    14
 Stab: Paralysed         |       |       |     5 |       ||     5
       Distracted        |       |       |       |     5 ||     5
       Confused          |       |       |       |     5 ||     5
Armor: Scale mail        |    54 |    93 |    19 |       ||   166
       Chain mail        |       |    33 |    35 |    72 ||   140
       Plate armour      |       |       |    56 |       ||    56
       Acid dragon scale |       |       |     1 |   139 ||   140
Dodge: Dodged            |    56 |   110 |   122 |   283 ||   571
Block: Buckler           |    25 |    41 |    63 |   131 ||   260

Table legend: (Time is in decaauts)
 A = Elapsed time spent in this place.
 B = Non-inter-level travel time spent in this place.
 C = Inter-level travel time spent in this place.
 D = Time resting spent in this place.
 E = Time spent auto-exploring this place.
 F = Levels seen in this place.
 G = Mean time per level.
                   A        B        C        D        E       F      G
               +--------+--------+--------+--------+--------+-----+--------+
         Total |  17237 |  16238 |    999 |   1538 |  11635 |  15 | 1149.1 |
       Dungeon |  15036 |  14074 |    962 |   1309 |  10235 |  11 | 1366.9 |
        Temple |    184 |    184 |      0 |      0 |    128 |   1 |  184.0 |
          Lair |    831 |    795 |     36 |      2 |    630 |   1 |  831.0 |
       Ossuary |    513 |    513 |      0 |      0 |    390 |   1 |  513.0 |
        Bailey |    671 |    671 |      0 |    226 |    251 |   1 |  671.0 |
               +--------+--------+--------+--------+--------+-----+--------+

Top non-repeatable levels by time:
     D:5: 2110 daAuts
     D:7: 1945 daAuts
     D:8: 1630 daAuts
     D:3: 1452 daAuts
     D:1: 1418 daAuts
     D:6: 1380 daAuts
    D:10: 1170 daAuts
     D:2: 1087 daAuts
     D:4: 1070 daAuts
    D:11: 989 daAuts
  Lair:1: 831 daAuts
     D:9: 780 daAuts
  Bailey: 671 daAuts
 Ossuary: 513 daAuts
  Temple: 184 daAuts
